 Dungeon Crawl Stone Soup version 0.25-a0-426-g7d9e569eea (webtiles) character file.

Game seed: 11159036167529464488, levelgen mode: deterministic

28 BeastOfSaturn the Chopper (level 2, -3/25 HPs)
             Began as a Minotaur Skald on Jan 25, 2020.
             Slain by an adder (4 damage)
             ... on level 2 of the Dungeon.
             The game lasted 00:02:41 (785 turns).

BeastOfSaturn the Chopper (Minotaur Skald)           Turns: 785, Time: 00:02:41

Health: -3/25      AC:  5    Str: 15    XL:     2   Next: 96%
Magic:  1/3        EV: 16    Int: 10    God:
Gold:   59         SH:  0    Dex: 14    Spells: 1/4 levels left

rFire    . . .     SeeInvis .   a - +0 hand axe
rCold    . . .     Gourm    .   (no shield)
rNeg     . . .     Faith    .   e - +0 ring mail
rPois    .         Spirit   .   (helmet restricted)
rElec    .         Reflect  .   (no cloak)
rCorr    .         Harm     .   (no gloves)
MR       .....                  (no boots)
Stlth    ++........             (no amulet)
HPRegen  0.08/turn              (no ring)
MPRegen  0.08/turn              (no ring)

@: agile, lethally poisoned (-3 -> -6)
A: retaliatory headbutt, horns 2
a: no special abilities


You were on level 2 of the Dungeon.
You were not hungry.

You visited 1 branch of the dungeon, and saw 2 of its levels.

You collected 59 gold pieces.

Inventory:

Hand Weapons
 a - a +0 hand axe (weapon)
Armour
 b - a +0 leather armour
 e - a +0 ring mail (worn)
Scrolls
 f - a scroll of amnesia
Potions
 c - a potion of cancellation
 h - a potion of degeneration {unknown}
Comestibles
 d - a ration
 i - 2 chunks of flesh


   Skills:
 - Level 2.4 Fighting
 + Level 3.0 Axes
 * Level 1.9 Armour
 + Level 2.3 Dodging
 + Level 1.5 Spellcasting
 + Level 2.3 Charms


You had one spell level left.
You knew the following spells:

 Your Spells              Type           Power        Failure   Level  Hunger
a - Infusion              Chrm           #...         24%         1    ##.....
b - Song of Slaying       Chrm           #.......     36%         2    ###....

Your spell library contained the following spells:

 Spells                   Type           Power        Failure   Level  Hunger
 Shroud of Golubria       Chrm/Tloc      #.....       52%         2    ###....
 Ozocubu's Armour         Chrm/Ice       #.......     75%         3    ####...
 Spectral Weapon          Hex/Chrm       #.......     75%         3    ####...


Dungeon Overview and Level Annotations

Branches:
Dungeon (2/15)

Altars:


Innate Abilities, Weirdness & Mutations

You reflexively headbutt those who attack you in melee.
You have a pair of horns on your head.


Message History

The adder bites you but does no damage. The adder barely misses you.
You hit the adder but do no damage.
The adder is severely wounded.
The adder bites you.
* * * LOW HITPOINT WARNING * * *
You are poisoned.
The adder poisons you!
You miss the adder. Your headbutt misses the adder.
The adder is severely wounded.
You feel sick. The adder bites you.
* * * LOW HITPOINT WARNING * * *
The adder closely misses you.
It was a potion of cancellation.
You feel magically purged.
Your magical contamination has completely faded away.
The adder misses you.
It was a potion of agility.
You feel agile all of a sudden.
* * * LOW HITPOINT WARNING * * *
You feel sick. The adder bites you.
You die...

..........##.......
#.........# .......
##.....!.###.......
###........)........
......#..####.......
..........%...........
........##.#..........
........S...##.......
##..#####@............
#...# ###...#..#....#.
####.#.###...(......####
#....#.#............#
#<...............
#.....##...........#
......................#
....########..........#
... ###########


You could see an adder.

Vanquished Creatures
  An ooze (D:1)
  A worm (D:2)
  2 dart slugs (D:1)
  A leopard gecko (D:2)
  2 bats
  A giant cockroach (D:2)
  2 hobgoblins (D:2)
  3 frilled lizards
  A kobold (D:1)
  4 rats
18 creatures vanquished.

Notes
Turn   | Place    | Note
-------+----------+-------------------------------------------
     0 | D:1      | BeastOfSaturn the Minotaur Skald began the quest for the
                  | Orb.
     0 | D:1      | Reached XP level 1. HP: 18/18 MP: 1/1
   202 | D:1      | Reached XP level 2. HP: 19/25 MP: 1/3
   270 | D:1      | Learned a level 2 spell: Song of Slaying
   713 | D:2      | Reached skill level 3 in Axes
   785 | D:2      | HP: 1/25 [poisoned by an adder]
   785 | D:2      | Slain by an adder

Levels and vault maps discovered:
D:1:      dpeg_arrival_circle_labyrinth_c, layout_rooms
D:2:      layout_rooms, overflow_temple_1_default

Skill      XL: |  1  2 |
---------------+-------+-----
Axes           | 3 |  3.0
Fighting       | |  2.4
Armour         | |  1.9
Dodging        | |  2.3
Spellcasting   | |  1.5
Charms         | |  2.3

Action                   || total
-------------------------++-------
Melee: Hand axe          ||    46
       Headbutt          ||     3
 Cast: Song of Slaying   ||     3
  Use: Scroll            ||     2
       Potion            ||     2
Armor: Leather armour    ||     4
       Ring mail         ||    11
Dodge: Dodged            ||    31

Table legend:
 A = Non-vault XP
 B = Vault XP
 C = Vault XP percentage of total XP
 D = Non-vault monster count
 E = Vault monster count
 F = Vault count percentage of total count
                 A         B        C        D         E       F
            +---------+---------+-------+---------+---------+-------
      Total |      40 |       0 |   0.0 |      18 |       0 |   0.0
            +---------+---------+-------+---------+---------+-------
        D:1 |      22 |       0 |   0.0 |       9 |       0 |   0.0
        D:2 |      18 |       0 |   0.0 |       9 |       0 |   0.0
            +---------+---------+-------+---------+---------+-------
